cohdb
Replays
Latest Replays
All Replays
Popular Replays
Top Player Replays
Match Explorer
How It Works
Community
CoH3 Stats
Reddit
Sign in to upload your games and track your stats! →
Sign in with Steam
Match 42077637
Unlisted
Match 42077637
Overview
Messages
Build Orders
End
Construct Infanterie Kompanie
Grenadier Squad
MG 42 Machine Gun Team
Grenadier Squad
GrW 34 Mortar Team
Pioneer Squad
Infanterie Officer Quarters
Grenadier Squad
Selects Terror Battlegroup
Selects Interrogate
Construct Luftwaffe Kompanie
Authoritarrr
Randrey of Solis
Psycho14
MissWheems
ßoo
aznovo123
0
0
Comments
sign in to comment!
No comments posted yet!